 Dungeon Crawl Stone Soup version 0.30-a0-913-g9934a0ce24 (webtiles) character file.

Game seed: 1618459298423689012

182 timneilson the Covered (level 5, 0/33 HPs)
             Began as a Gargoyle Fighter on Mar 19, 2023.
             Killed from afar by Grinder (2 damage)
             ... with a puff of flame
             ... on level 3 of the Dungeon.
             The game lasted 00:04:01 (1992 turns).

timneilson the Covered (Gargoyle Fighter)           Turns: 1992, Time: 00:04:03

Health: 0/33       AC: 13    Str: 20    XL:     5   Next: 62%
Magic:  5/5        EV:  7    Int:  8    God:
Gold:   139        SH:  5    Dex: 11    Spells: 4/4 levels left

rFire   . . .      SeeInvis .    a - +0 long sword
rCold   . . .      Faith    .    c - +1 buckler
rNeg    + . .      Spirit   .    e - +0 chain mail
rPois   ∞          Reflect  .    (no helmet)
rElec   +          Rampage  .    (no cloak)
rCorr   .                        (no gloves)
Will    .....                    (no boots) Stlth
                                 (no amulet)
HPRegen 0.25/turn                k - ring of flight
MPRegen 0.09/turn                (no ring)

@: flying
A: sickness immunity, AC +4, negative energy resistance 1, electricity
resistance, torment resistance 1, petrification resistance
a: no special abilities


You were on level 3 of the Dungeon.
You visited 1 branch of the dungeon, and saw 3 of its levels.

You collected 139 gold pieces.

Inventory:

Hand Weapons
 a - a +0 long sword (weapon)
Armour
 c - a +1 buckler (worn)
 e - a +0 chain mail (worn)
Jewellery
 k - a ring of flight (left hand)
Scrolls
 l - a scroll of silence {unknown}
 m - a scroll of enchant armour
 n - a scroll of summoning {unknown}
 o - a scroll of teleportation {unknown}
 p - a scroll of amnesia
 q - 2 scrolls of fear {unknown}
 r - a scroll of noise {unknown}
Potions
 d - a potion of might
 f - a potion of attraction
 g - a potion of brilliance
 i - a potion of lignification


   Skills:
 + Level 3.8 Fighting
 * Level 3.0 Long Blades
 * Level 4.4 Armour
 + Level 1.1 Dodging
 * Level 4.3 Shields


You had 4 spell levels left.
You didn't know any spells.
Your spell library contained the following spells:

 Spells                   Type           Power      Damage    Failure   Level
 Olgreb's Toxic Radiance  Pois           0%         N/A       100%        4
 Ozocubu's Refrigeration  Ice            0%         4d7       100%        7
 Ignition                 Fire           0%         3d3       100%        8


Dungeon Overview and Level Annotations

Branches:
Dungeon (3/15)

Altars:

Annotations:
D:3 Grinder


Innate Abilities, Weirdness & Mutations

You are immune to sickness and miasma.
Your stone body is resilient. (AC +4)
You are immune to poison.
You resist negative energy. (rN+)
You are resistant to electric shocks. (rElec)
You are resistant to unholy torment.
You are immune to petrification.


Message History

Grinder gestures at you. Pain shoots through your body!
Grinder barely misses you.
You hit Grinder.
Grinder is moderately wounded.
Grinder blinks!
Grinder says, "There's only one good use for a tongue: cutting it out."
Things that are here:
a +0 falchion; a +0 ring mail; an orc corpse You hit Grinder.
Grinder is moderately wounded.
Grinder zaps a wand.
The puff of flame hits you!
* * * LOW HITPOINT WARNING * * *
Grinder hits you.
* * * LOW HITPOINT WARNING * * *
You writhe in agony.
* * * LOW HITPOINT WARNING * * *
It was a potion of lignification.
You turn into a tree.
Your +0 chain mail melds into your body.
Your roots penetrate the ground.
You block Grinder's attack. Grinder hits you.
* * * LOW HITPOINT WARNING * * *
You writhe in agony.
* * * LOW HITPOINT WARNING * * *
It was a potion of flight.
Your roots keep you in place.
Grinder gestures at you.
You suddenly lose the ability to move!
Grinder gestures at you.
You shrug off the repeated paralysis!
Grinder barely misses you. Grinder hits you but does no damage.
Grinder gestures at you. You resist with significant effort.
Grinder hits you but does no damage. Grinder hits you but does no damage.
You can move again.
It was a potion of cancellation.
Your magical effects are unravelling.
You feel magically purged.
You feel less wooden.
Your +0 chain mail unmelds from your body.
You feel a little less mighty now.
Grinder zaps a wand.
The puff of flame hits you.
You die...

#...............##.......#
###.######...............#
#.# #......#######..# #.#
#.....###$⌠$###.# ##.##
#.....##.....##.# #...#
#.....#.......#.# #.#.#
###.#.#.~...~.#.# #...####
#.#5#.......#.# ##.#...#
##.#@#.......#.# #
#...#......#)# #.# #
#..###..####)# #.# ##
##.........#.# #.# .#
##.#.####.#.. ..# .# ##.##
.# ### #### .####.## ..
.....#.# ## .###.##.#


You could see Grinder (fast).

Vanquished Creatures
  3 orc priests
  2 adders
  A worm (D:2)
  3 dart slugs
  10 orcs
  3 bats (D:2)
  4 endoplasms
  2 giant cockroaches (D:2)
  7 hobgoblins
  3 jackals (D:1)
  5 kobolds
  2 quokkas
  2 ball pythons
  7 frilled lizards (D:1)
  3 goblins
  2 rats (D:1)
59 creatures vanquished.

Notes
Turn   | Place    | Note
-------+----------+-------------------------------------------
     0 | D:1      | timneilson the Gargoyle Fighter began the quest for the
                  | Orb.
     0 | D:1      | Reached XP level 1. HP: 14/14 MP: 1/1
   138 | D:1      | Reached XP level 2. HP: 17/19 MP: 2/2
   643 | D:2      | Reached XP level 3. HP: 23/23 MP: 3/3
  1171 | D:2      | Reached XP level 4. HP: 28/28 MP: 4/4
  1799 | D:3      | Reached skill level 1 in Dodging
  1799 | D:3      | Reached XP level 5. HP: 27/33 MP: 5/5
  1833 | D:3      | Noticed Grinder
  1986 | D:3      | HP: 2/49 [Grinder (1)]
  1987 | D:3      | Paralysed by Grinder for 5 turns
  1992 | D:3      | Killed from afar by Grinder

Illustrated notes

Levels and vault maps discovered:
D:1:      ebering_hopf_link, layout_basic, minmay_lizard_pond
D:2:      layout_basic
D:3:      cheibrodos_pilgrimage, layout_loops_cross,
          minmay_fractal_squares_diagonal_5, uniq_grinder

Skill      XL: |  1  2  3  4  5 |
---------------+----------------+-----
Long Blades    | 2 3 |  3.0
Armour         | 4 |  4.4
Shields        | 4 |  4.3
Dodging        | 1 |  1.1
Fighting       | |  3.8

Action                     |  1- 3 |  4- 6 || total
---------------------------+-------+-------++-------
  Melee: Long sword        |   162 |    87 ||   249
    Use: Scroll            |     3 |     3 ||     6
         Potion            |       |     6 ||     6
 Armour: Chain mail        |   104 |    41 ||   145
         Scale mail        |     2 |       ||     2
         Skin              |       |     3 ||     3
  Dodge: Dodged            |    74 |    24 ||    98
  Block: Buckler           |    38 |    20 ||    58

Table legend: (Time is in decaauts)
 A = Elapsed time spent in this place.
 B = Non-inter-level travel time spent in this place.
 C = Inter-level travel time spent in this place.
 D = Time resting spent in this place.
 E = Time spent auto-exploring this place.
 F = Levels seen in this place.
 G = Mean time per level.
                   A        B        C        D        E       F      G
               +--------+--------+--------+--------+--------+-----+--------+
         Total |   2072 |   2051 |     21 |     63 |   1351 |   3 |  690.7 |
       Dungeon |   2072 |   2051 |     21 |     63 |   1351 |   3 |  690.7 |
               +--------+--------+--------+--------+--------+-----+--------+

Top non-repeatable levels by time:
     D:2: 971 daAuts
     D:1: 550 daAuts
     D:3: 550 daAuts
